 Dungeon Crawl Stone Soup version 0.29.1-12-g30fa7ad0bf (webtiles) character file.

Game seed: 3025848714424271833

214 MacCMillion the Chiller (level 5, -2/35 HPs)
             Began as a Merfolk Ice Elementalist on Jan 7, 2023.
             Slain by a phantom (5 damage)
             ... on level 5 of the Dungeon.
             The game lasted 00:16:12 (3877 turns).

MacCMillion the Chiller (Merfolk Ice Elementalist)  Turns: 3877, Time: 00:16:12

Health: -2/35      AC:  3    Str:  8    XL:     5   Next: 92%
Magic:  3/9        EV: 12    Int: 16    God:
Gold:   185        SH:  0    Dex: 15    Spells: 3/10 levels left

rFire   . . .      SeeInvis .   t - +2 dagger (venom)
rCold   . . .      Faith    .   (no shield)
rNeg    . . .      Spirit   .   a - +0 robe
rPois   .          Reflect  .   (no helmet)
rElec   .          Harm     .   (no cloak)
rCorr   .          Rampage  .   s - +0 pair of gloves
Will    .....                   (no boots)
Stlth   ++........              (no amulet)
HPRegen 0.11/turn               (no ring)
MPRegen 0.11/turn               (no ring)

@: no status effects
A: (nimble swimmer 2), mertail
a: no special abilities


You were on level 5 of the Dungeon.
You visited 1 branch of the dungeon, and saw 5 of its levels.

You collected 185 gold pieces.

Inventory:

Hand Weapons
 d - a +0 club
 l - a +1 dagger of venom
 o - a +2 mace of holy wrath
 r - a +0 spear
 t - a +2 dagger of venom (weapon)
 y - a +3 dagger of speed
Missiles
 i - 2 poisoned darts
Armour
 a - a +0 robe (worn)
 e - a +0 buckler
 n - a +0 leather armour
 s - a +0 pair of gloves (worn)
Scrolls
 c - a scroll of amnesia {unknown}
 f - 5 scrolls of identify {unknown}
 p - a scroll of fog {unknown}
 q - a scroll of enchant weapon {unknown}
 v - a scroll of teleportation {unknown}
 w - a scroll of acquirement {unknown}
Potions
 b - a potion of magic
 g - 2 potions of curing {unknown}
 h - a potion of brilliance {unknown}
 j - 2 potions of heal wounds {unknown}
 k - a potion of haste {unknown}
 m - a potion of might {unknown}
 u - a potion of lignification {unknown}
 x - a potion of attraction {unknown}


   Skills:
 - Level 2.6 Dodging
 - Level 2.1 Stealth
 + Level 3.1 Spellcasting
 + Level 0.0 Hexes
 + Level 0.0 Summonings
 - Level 7.0 Ice Magic


You had 3 spell levels left.
You knew the following spells:

 Your Spells              Type           Power      Damage    Failure   Level
a - Freeze                Ice            96%        1d11      1%          1
b - Frozen Ramparts       Ice            48%        1d8       3%          3
c - Ozocubu's Armour      Ice            24%        N/A       3%          3

Your spell library contained the following spells:

 Spells                   Type           Power      Damage    Failure   Level
 Magic Dart               Conj           8%         1d3       19%         1
 Slow                     Hex            8%         N/A       19%         1
 Summon Small Mammal      Summ           8%         N/A       19%         1
 Call Imp                 Summ           2%         N/A       26%         2
 Call Canine Familiar     Summ           2%         N/A       47%         3
 Confusing Touch          Hex            2%         N/A       47%         3
 Summon Guardian Golem    Hex/Summ       2%         N/A       47%         3
 Conjure Flame            Conj/Fire      2%         6-21      50%         3
 Ignite Poison            Fire/Tmut/Pois 2%         N/A       50%         3
 Mephitic Cloud           Conj/Pois/Air  2%         N/A       50%         3
 Vampiric Draining        Necr           2%         2d6       50%         3
 Hailstorm                Conj/Ice       13%        3d5       41%         4
 Sticky Flame             Conj/Fire      2%         2d3       88%         4
 Summon Forest            Summ/Tloc      1%         N/A       99%         5
 Summon Mana Viper        Hex/Summ       2%         N/A       99%         5
 Summon Cactus Giant      Summ           1%         N/A       100%        6


Dungeon Overview and Level Annotations

Branches:
Dungeon (5/15)
 Temple: D:4-7

Altars:
Elyvilon
Yredelemnul

Portals:
Sewer: D:5

Annotations:
D:3 staff


Innate Abilities, Weirdness & Mutations

((You are very nimble when in or above water. (Stealth+, EV+, Speed+++)))
Your lower body shifts to a powerful aquatic tail in water.


Message History

The phantom is moderately damaged.
The phantom hits you but does no damage.
You hit the phantom.
The phantom is moderately damaged.
The phantom hits you.
The phantom blinks!
You blink.
You hit the phantom.
The phantom is heavily damaged.
The phantom hits you.
You hit the phantom.
The phantom is heavily damaged.
The phantom hits you.
* * * LOW HITPOINT WARNING * * *
The phantom blinks!
You blink.
Casting: Ozocubu's Armour (dangerous; 3% risk of failure)
Confirm with . or Enter, or press ? or * to list all spells.
You don't have enough magic to cast this spell.
You hit the phantom but do no damage.
The phantom is heavily damaged.
The phantom hits you but does no damage.
You completely miss the phantom.
The phantom is heavily damaged.
The phantom hits you.
* * * LOW HITPOINT WARNING * * *
You hit the phantom but do no damage.
The phantom is heavily damaged.
The phantom barely misses you.
You barely miss the phantom.
The phantom is heavily damaged.
The phantom hits you but does no damage.
You hit the phantom but do no damage.
The phantom is heavily damaged.
The phantom barely misses you.
You hit the phantom.
The phantom is heavily damaged.
The phantom hits you.
* * * LOW HITPOINT WARNING * * *
You completely miss the phantom.
The phantom is heavily damaged.
The phantom hits you.
You die...

.. #.#.~~~~~~~~~.##
#.##....~~~∩~~~...
/.#.#.†§~~~~~~..
#.#.#.#~~~B~~~#.#
###.#.#...~~~~~...#
#/........#...#..
#...............#
#..........#
########........
#.).....# #.......#
#########


You could see a phantom and a giant cockroach.

Vanquished Creatures
  2 iguanas (D:4)
  Jessica (D:2)
  An orc wizard (D:4)
  Robin (D:2)
  3 adders
  A worm (D:2)
  3 orcs (D:4)
  8 ball pythons
  6 bats
  5 endoplasms
  3 giant cockroaches
  12 goblins
  10 hobgoblins
  2 jackals (D:2)
  A quokka (D:1)
  A frilled lizard (D:1)
  2 kobolds (D:3)
  A rat (D:5)
63 creatures vanquished.

Notes
Turn   | Place    | Note
-------+----------+-------------------------------------------
     0 | D:1      | MacCMillion the Merfolk Ice Elementalist began the quest
                  | for the Orb.
     0 | D:1      | Reached XP level 1. HP: 13/13 MP: 3/3
   173 | D:1      | Reached XP level 2. HP: 19/19 MP: 0/5
   346 | D:1      | Reached skill level 5 in Ice Magic
   910 | D:2      | Noticed Robin
   919 | D:2      | Reached XP level 3. HP: 18/24 MP: 4/6
   986 | D:1      | Learned a level 3 spell: Frozen Ramparts
  1045 | D:2      | Noticed Jessica
  1143 | D:2      | Killed Robin
  1366 | D:2      | Reached XP level 4. HP: 30/30 MP: 3/7
  1675 | D:2      | Found a faded altar of an unknown god.
  1957 | D:2      | Killed Jessica
  1958 | D:2      | Reached skill level 6 in Ice Magic
  2326 | D:3      | Found a white marble altar of Elyvilon.
  2326 | D:3      | Found a basalt altar of Yredelemnul.
  2424 | D:3      | Learned a level 3 spell: Ozocubu's Armour
  2772 | D:3      | Reached XP level 5. HP: 28/35 MP: 4/9
  3622 | D:4      | Reached skill level 7 in Ice Magic
  3844 | D:5      | Entered Level 5 of the Dungeon
  3844 | D:5      | Found a glowing drain.
  3851 | D:5      | Noticed a phantom
  3877 | D:5      | Slain by a phantom

Illustrated notes

Levels and vault maps discovered:
D:1:      scummos_arrival_checkerplants, layout_rooms
D:2:      layout_basic, shapermc_ecumenical_altar_pompeii, uniq_robin,
          uniq_jessica
D:3:      layout_rooms, yredelemnul_altar_generic, lemuel_doored_altar,
          hex_tiny, fountainhead, minmay_statues_item, amcnicky_mini_pool_small,
          minmay_splitting_lines
D:4:      layout_basic
D:5:      cheibrodos_two_vegetables, layout_rooms, gammafunk_ghost_smash,
          cheibrodos_sewer_entry_drain, uniq_blork_the_orc

Skill      XL: |  1  2  3  4  5 |
---------------+----------------+-----
Ice Magic      | 5 6 7 |  7.0
Spellcasting   | 3 |  3.1
Dodging        | |  2.6
Stealth        | |  2.1

Action                   |  1- 3 |  4- 6 || total
-------------------------+-------+-------++-------
Melee: Dagger            |     5 |    27 ||    32
Throw: Dart              |     3 |     1 ||     4
 Cast: Freeze            |    37 |    27 ||    64
       Frozen Ramparts   |     5 |    12 ||    17
       Ozocubu's Armour  |       |     1 ||     1
 Stab: Sleeping          |     1 |     2 ||     3
Armor: Robe              |     4 |     8 ||    12
Dodge: Dodged            |    22 |    12 ||    34
